Map: Apotheosis LE

Players

Gracz

  • Race: Zerg Zerg

ZergWithAids - Winner!

  • Race: Zerg Zerg
  • League: Silver

VOD

Have the link to the VOD?

Description

Time

  • Played on: Oct. 22, 2016, 7:01 a.m.
  • Length: 4:07
Show
View Real Time Build Order
Export as new Build Order

Gracz Zerg 

Build Orders: Hatch First 

Get SALT Encoding   

  12  0:03  Drone  
  13  0:09  Drone  
  14  0:20  Overlord  
  14  0:47  Drone  
  15  0:53  Unknown, Hatchery  
  14  0:59  Drone x3  
  17  1:14  Extractor  
  16  1:21  Spawning Pool, Drone  
  16  1:24  Drone  
  17  1:43  Drone x2  
  19  1:55  Drone  
  20  2:04  Unknown  
  20  2:08  Drone x2  
  22  2:19  Roach Warren  
  21  2:24  Evolution Chamber  
  21  2:28  Evolution Chamber  
  19  2:34  Drone  
  19  2:35  Queen, Drone  
  19  2:36  Queen  
  25  2:37  Extractor  
  25  2:38  Drone  
  24  2:46  Zergling x4  
  24  2:49  Zergling x2  
  26  2:59  Zergling x2  
  26  3:00  Zergling x2  
Show
View Real Time Build Order
Export as new Build Order

ZergWithAids Zerg - Winner!

Build Orders: Pool Only 

Get SALT Encoding   

  12  0:02  Drone  
  13  0:08  Drone  
  14  0:16  Overlord  
  14  0:32  Overlord  
  14  0:41  Spawning Pool  
  13  0:46  Drone  
  13  0:49  Extractor  
  13  0:52  Drone  
  13  0:56  Drone  
  15  1:01  Drone  
  16  1:10  Drone  
  17  1:18  Drone  
  18  1:28  Queen  
  18  1:30  Zergling x2  
  21  1:40  Zergling x2  
  22  1:49  Metabolic Boost  
  22  1:51  Zergling x2  
  23  2:02  Zergling x2  
  24  2:15  Baneling Nest  
  23  2:19  Roach Warren  
  23  2:21  Extractor, Drone  
  22  3:00  Zergling x2  
  22  3:01  Zergling x8  
  26  3:25  Zergling x4  
  26  3:39  Overlord  
Tags
 
Add a new tag
Caveats
  • Supply blocks, unpowered buildings, or Contaminate may cause inaccurate times.
  • Supply counts are checked every 10 seconds.